 Dungeon Crawl Stone Soup version 0.31.0-12-g77e489cdc1 (webtiles) character file.

Game seed: 11710476732742472087

511 EWolf27 the Digger (level 7, -2/38 HPs)
             Began as a Gargoyle Earth Elementalist on Feb 14, 2024.
             Was an Initiate of the Shining One.
             Incinerated by a bombardier beetle (5 damage)
             ... with a burning spray
             ... on level 4 of the Dungeon on Feb 16, 2024.
             The game lasted 00:16:31 (4296 turns).

EWolf27 the Digger (Gargoyle Earth Elementalist)    Turns: 4296, Time: 00:16:32

Health: -2/38      AC:  9    Str:  8 (11) XL:     7   Next: 19%
Magic:  18/22      EV: 11    Int: 17 (18) God:    the Shining One [......]
Gold:   113        SH:  0    Dex:  7 (10) Spells: 6/14 levels left

rFire   . . .        c - +0 club
rCold   . . .        (no shield)
rNeg    + . .        f - +0 leather armour
rPois   ∞            (no helmet)
rElec   +            (no cloak)
rCorr   .            (no gloves)
SInv    .            s - +0 pair of boots
Will    .....        (no amulet)
Stlth   +            e - +4 ring of slaying
HPRegen 0.26/turn    l - ring of magical power
MPRegen 0.18/turn

%: no passive effects
@: on fire, glowing
A: sickness immunity, AC +4, negative energy resistance 1, electricity
resistance, torment resistance 1, petrification resistance
a: Renounce Religion


You were on level 4 of the Dungeon.
You worshipped the Shining One.
The Shining One was noncommittal.
You visited 2 branches of the dungeon, and saw 5 of its levels.

You collected 113 gold pieces.

Inventory:

Hand Weapons
 c - a +0 club (weapon)
 k - a +0 vampiric whip
Missiles
 a - 11 poisoned darts
Armour
 f - a +0 leather armour (worn)
 s - a +0 pair of boots (worn)
Jewellery
 e - a +4 ring of slaying (left hand)
 l - a ring of magical power (right hand)
 m - a ring of protection from cold
Wands
 t - a wand of flame (22)
Scrolls
 h - 2 scrolls of identify {unknown}
 i - 2 scrolls of teleportation {unknown}
 j - 2 scrolls of enchant weapon {unknown}
 n - 2 scrolls of vulnerability {unknown}
 o - 2 scrolls of fog
 p - 2 scrolls of summoning {unknown}
 u - a scroll of enchant armour {unknown}
Potions
 b - a potion of magic
 d - a potion of berserk rage {unknown}
 g - a potion of resistance {unknown}
 q - a potion of mutation {unknown}
 r - a potion of enlightenment {unknown}
 v - a potion of degeneration


   Skills:
 + Level 1.0 Fighting
 + Level 1.7 Maces & Flails
 + Level 2.2 Armour
 + Level 2.0 Dodging
 - Level 2.1 Stealth
 - Level 0.4 Unarmed Combat
 + Level 4.0 Spellcasting
 * Level 3.3 Conjurations
 + Level 5.9 Earth Magic


You had 6 spell levels left.
You knew the following spells:

 Your Spells              Type           Power      Damage    Failure   Level
a - Sandblast             Erth           46%        2d11      1%          1
b - Stone Arrow           Conj/Erth      38%        3d9       10%         3
c - Brom's Barrelling Bo  Conj/Erth      19%        2d4       32%         4

Your spell library contained the following spells:

 Spells                   Type           Power      Damage    Failure   Level
 Passwall                 Erth           23%        N/A       6%          3
 Slow                     Hex            12%        N/A       22%         1
 Lesser Beckoning         Tloc           6%         N/A       32%         2
 Confusing Touch          Hex            3%         N/A       54%         3
 Gell's Gravitas          Tloc           3%         N/A       54%         3
 Sigil of Binding         Hex            3%         N/A       54%         3
 Teleport Other           Tloc           3%         N/A       54%         3
 Vampiric Draining        Necr           3%         2d6       54%         3
 Petrify                  Alch/Erth      13%        N/A       54%         4


Dungeon Overview and Level Annotations

Branches:
Dungeon (4/15)             Temple (1/1) D:4

Altars:
Cheibriados
Dithmenos
Elyvilon
Fedhas
Qazlal
Sif Muna
Trog
Vehumet
Xom
Yredelemnul
Zin
The Shining One


Innate Abilities, Weirdness & Mutations

You are immune to sickness and miasma.
Your stone body is resilient. (AC +4)
You are immune to poison.
You resist negative energy. (rN+)
You are resistant to electric shocks. (rElec)
You are resistant to unholy torment.
You are immune to petrification.


Message History

Casting: Sandblast (safe; 1% risk of failure)
Confirm with . or Enter, or press ? or * to list all spells.
Aiming: Sandblast (safe; 1% risk of failure)
Press: ? - help, Shift-Dir - straight line, f/p - bombardier beetle
Aim: a bombardier beetle (severely wounded, 90% to hit)
The blast of sand hits the bombardier beetle but does no damage.
The bombardier beetle is severely wounded.
The liquid fire burns you!
You hit the bombardier beetle.
The bombardier beetle is almost dead.
The liquid fire burns you!
The bombardier beetle barely misses you.
You completely miss the bombardier beetle.
The bombardier beetle is almost dead.
The liquid fire burns you!
* * * LOW HITPOINT WARNING * * *
Casting: Sandblast (safe; 1% risk of failure)
Confirm with . or Enter, or press ? or * to list all spells.
Aiming: Sandblast (safe; 1% risk of failure)
Press: ? - help, Shift-Dir - straight line, f/p - bombardier beetle
Aim: a bombardier beetle (almost dead, 90% to hit)
The blast of sand hits the bombardier beetle.
You kill the bombardier beetle!
The liquid fire burns you!
* * * LOW HITPOINT WARNING * * *
Your Fighting skill increases to level 1!
Your Dodging skill increases to level 2!
You shake off some of the fire as you move.
The liquid fire burns you! The Shining One protects you from harm!
You shake off some of the fire as you move.
The liquid fire burns you!
* * * LOW HITPOINT WARNING * * *
It was a potion of degeneration.
There was something very wrong with that liquid.
You feel weakened.
You feel dopey.
You feel clumsy. The liquid fire burns you!
The Shining One protects you from harm!
You shake off some of the fire as you move.
The liquid fire burns you!
You die...

.. ... # .# #.# .# .# #.#
#.# ###.# ##.#####..# .§§.
#........# .§§########
#........#
#§§§§....#####.......##
#§§§§........#.......#
###§.§.....##.##@#..###
...§§......##.##.#.##
....#..............#
.>..###....##.#....#
....#............#.# #..
.............##....... #..
###...#.....#<.....##.~
..##
#............<..####.~##..#
#..#)##.......#.. ..~~ ..##


There were no monsters in sight!

Vanquished Creatures
  Sigmund (D:4)
  A water moccasin (D:3)
  A bombardier beetle (D:4)
  A jelly (D:4)
  A hound (D:4)
  Ijyb (D:3)
  6 adders
  3 ribbon worms
  2 dart slugs
  4 orcs (D:4)
  10 bats
  6 endoplasms
  4 giant cockroaches
  5 goblins
  6 hobgoblins
  6 quokkas
  8 ball pythons
  2 frilled lizards (D:2)
  17 kobolds
  3 rats
88 creatures vanquished.

Notes
Turn   | Place    | Note
-------+----------+-------------------------------------------
     0 | D:1      | EWolf27 the Gargoyle Earth Elementalist began the quest for
                  | the Orb.
     0 | D:1      | Reached XP level 1. HP: 10/10 MP: 3/3
   138 | D:1      | Reached XP level 2. HP: 15/15 MP: 3/5
   471 | D:1      | Reached skill level 4 in Earth Magic
   889 | D:1      | Reached XP level 3. HP: 19/19 MP: 6/6
  1063 | D:1      | Learned a level 3 spell: Stone Arrow
  2154 | D:2      | Reached skill level 1 in Armour
  2169 | D:2      | Reached XP level 4. HP: 24/24 MP: 7/7
  3039 | D:3      | Noticed a water moccasin
  3046 | D:3      | Killed a water moccasin
  3047 | D:3      | Reached skill level 5 in Earth Magic
  3047 | D:3      | Reached XP level 5. HP: 28/28 MP: 10/10
  3092 | D:3      | Learned a level 4 spell: Brom's Barrelling Boulder
  3235 | D:3      | Reached XP level 6. HP: 32/32 MP: 11/11
  3702 | D:3      | Noticed Ijyb
  3719 | D:3      | Killed Ijyb
  3984 | D:4      | Reached skill level 1 in Maces & Flails
  4027 | D:4      | Found a staircase to the Ecumenical Temple.
  4036 | D:4      | Noticed Sigmund
  4073 | D:4      | Killed Sigmund
  4074 | D:4      | Reached XP level 7. HP: 16/37 MP: 12/12
  4208 | Temple   | Entered the Ecumenical Temple
  4213 | Temple   | Became a worshipper of the Shining One
  4293 | D:4      | Reached skill level 1 in Fighting
  4293 | D:4      | The Shining One protects you from harm!
  4295 | D:4      | The Shining One protects you from harm!
  4296 | D:4      | Incinerated by a bombardier beetle

Illustrated notes

Levels and vault maps discovered:
D:1:      lightli_arrival_isolated_outpost, layout_basic
D:2:      layout_rooms
D:3:      layout_basic, chequers_mini_garden, uniq_ijyb
D:4:      cheibrodos_thug_alley, layout_basic, minmay_temple_entry_tees,
          eino_small_chamber_without_monster, minmay_misc_feat_tiny,
          minivault_24, uniq_sigmund
Temple:   hellmonk_temple_two_chambers

Skill      XL: |  1  2  3  4  5  6  7 |
---------------+----------------------+-----
Earth Magic    | 4 5 |  5.9
Armour         | 1 2 |  2.2
Conjurations   | 2 3 |  3.3
Spellcasting   | 3 4 |  4.0
Maces & Flails | 1 |  1.7
Fighting       | 1 |  1.0
Dodging        | 2 |  2.0
Stealth        | |  2.1
Unarmed Combat | |  0.4

Action                     |  1- 3 |  4- 6 |  7- 9 || total
---------------------------+-------+-------+-------++-------
  Melee: Club              |    39 |       |     2 ||    41
         Unarmed           |     1 |       |       ||     1
         Whip              |       |    51 |     3 ||    54
   Cast: Sandblast         |    41 |    30 |    11 ||    82
         Stone Arrow       |       |     1 |       ||     1
    Use: Scroll            |       |       |     1 ||     1
         Potion            |       |       |     1 ||     1
   Stab: Sleeping          |     1 |       |       ||     1
 Armour: Robe              |     4 |       |       ||     4
         Leather armour    |    23 |    59 |     2 ||    84
  Dodge: Dodged            |    34 |    41 |     4 ||    79
